[Event "LASK Schackstudion IM Tournament"]
[Site "Lund, Sweden"]
[Date "2022.08.17"]
[Round "5.4"]
[White "Magnusson, Jorgen"]
[Black "Jacobsen, Mikkel Manosri"]
[Result "0-1"]
[TimeControl "90 minutes + 30 sec increment starting from move 1."]
[WhiteTitle "FM"]
[BlackTitle "FM"]
[WhiteFideId "1700880"]
[BlackFideId "1444514"]
[WhiteElo "2292"]
[BlackElo "2320"]

1. f4 d5 2. g3 h5 3. Bg2 h4 4. c4 c6 5. cxd5 cxd5 6. Nc3 Nf6 7. Qb3 e6 8. Nf3 h3 9. Bf1 Nc6 10. d4 Bb4 11. Bd2 a6 12. e3 b5 13. Ng5 Be7 14. Bxh3 b4 15. Ne2 a5 16. Bf1 Ba6 17. Nc1 Nh5 18. Nh3 Bxf1 19. Kxf1 g5 20. Nd3 gxf4 21. gxf4 Qb6 22. Nhf2 Ng7 23. Qa4 f6 24. Rc1 Rc8 25. Nc5 Kf7 26. Rg1 Nf5 27. Ng4 Ncxd4 28. exd4 Nxd4 29. Nd3 Nf3 30. Be3 Rxc1+ 31. Nxc1 Nxh2+ 32. Ke2 d4 33. Bf2 Qb7 34. Nxh2 Qe4+ 35. Kf1 Rxh2 36. Qd1 Qxf4 37. Nd3 Qf5 38. Rg3 Bd6 39. Rf3 Rh1+ 40. Bg1 Qg5 41. Kf2 Bh2 0-1

[Event "LASK Schackstudion IM Tournament"]
[Site "Lund, Sweden"]
[Date "2022.08.18"]
[Round "6.1"]
[White "Jogstad, Martin"]
[Black "Jepson, Christian"]
[Result "1/2-1/2"]
[TimeControl "90 minutes + 30 sec increment starting from move 1."]
[WhiteTitle "FM"]
[BlackTitle "IM"]
[WhiteFideId "1715364"]
[BlackFideId "1701185"]
[WhiteElo "2354"]
[BlackElo "2395"]

1. d4 Nf6 2. c4 c5 3. d5 g6 4.
Nc3 Bg7 5. e4 d6 6. Nf3 O-O 7. h3 e6 8. Bd3 Na6 9. O-O e5 10. Re1 Ne8 11. Bf1 f5 12. exf5 gxf5 13. Ng5 Nac7 14.
Qh5 Nf6 15. Qh4 h6 16. Ne6 Bxe6 17. dxe6 Nxe6 18. Bxh6 Nd4 19. Bxg7 Kxg7 20. Nb5 Ne4 21. Rxe4 fxe4 22. Qg4+ Kh8 23.
Qh5+ Kg7 24. Qg4+ Kh8 25. Qxe4 Qf6 26. Nxd4 Qxf2+ 27. Kh1 Qxd4 28. Qg6 Qh4 29. Qxd6 Rae8 30. Qxc5 b6 31. Qe3 Rf2 32. g3 Qf6 33.
Bg2 Rd8 34. Qe4 Rdd2 35. Rg1 Rxb2 36. Qa8+ Qf8 37. Qe4 Qf5 38. Qh4+ Kg7 39. Qe7+ Kh6 40. Rd1 Rbd2 41. Rxd2 Rxd2 42.
Qh4+ Kg7 43. Qe7+ Kh6 44. Qh4+ Kg7 45. Qe7+ Kh6 46. Qh4+ 1/2-1/2

[Event "LASK Schackstudion IM Tournament"]
[Site "Lund, Sweden"]
[Date "2022.08.18"]
[Round "6.2"]
[White "Jacobsen, Mikkel Manosri"]
[Black "Nord, Alexander"]
[Result "1-0"]
[TimeControl "90 minutes + 30 sec increment starting from move 1."]
[WhiteTitle "FM"]
[BlackTitle "CM"]
[WhiteFideId "1444514"]
[BlackFideId "1738135"]
[WhiteElo "2320"]
[BlackElo "2227"]

1. d4 Nf6 2. Nf3 e6 3. c4 b6 4. g3 Bb7 5. Bg2 Be7 6. O-O O-O 7. Re1 Na6 8. Nc3 Ne4 9. Qc2 f5 10.
Nd2 d5 11. Ndxe4 fxe4 12. cxd5 exd5 13. f3 exf3 14. exf3 Bf6 15. Qa4 c5 16. Be3 Rc8 17. f4 cxd4 18. Bxd4 Rc4 19. Bxf6 Qxf6 20.
Qd1 Rd4 21. Bxd5+ Kh8 22. Ne4 Rxd1 23. Nxf6 Rxa1 24. Rxa1 Bxd5 25. Nxd5 Rd8 26. Nc3 Kg8 27. Rd1 Rxd1+ 28. Nxd1 Kf7 29.
Kf2 Ke6 30. Nc3 Nb4 31. Ke3 h5 32. Ke4 g6 33. a3 Na6 34. b4 Nc7 35. Ne2 a5 36. Nd4+ Kd6 37. f5 gxf5+ 38.
Nxf5+ Kc6 39. Nd4+ Kd6 40. h4 axb4 41. axb4 Nd5 42. Nc2 Nc3+ 43. Kf5 Ne2 44. g4 hxg4 45. Kxg4 Ke6 46. Kg5 Ng3 47.
Ne3 Ne4+ 48. Kg6 Ng3 49. Nc4 b5 50. Na5 Ke7 51. h5 Kf8 52. h6 Kg8 53. Nc6 Ne2 54. h7+ Kh8 55. Ne5 1-0

[Event "LASK Schackstudion IM Tournament"]
[Site "Lund, Sweden"]
[Date "2022.08.18"]
[Round "6.4"]
[White "Kristensen, Kaare Hove"]
[Black "Magnusson, Jorgen"]
[Result "1/2-1/2"]
[TimeControl "90 minutes + 30 sec increment starting from move 1."]
[WhiteTitle "IM"]
[BlackTitle "FM"]
[WhiteFideId "1400940"]
[BlackFideId "1700880"]
[WhiteElo "2274"]
[BlackElo "2292"]

1. e4 c6 2. d4 d5 3. exd5 cxd5 4. c4 Nf6 5. Nc3 g6 6. Qb3 Bg7 7. cxd5 O-O 8. Be2 Na6 9. Bf3 Qb6 10. Qxb6 axb6 11. Bf4 Nb4 12. Kd2 Rd8 13. d6 exd6 14. Nge2 d5 15. a3 Nc6 16. Bc7 Bh6+ 17. Kc2 Bf5+ 18. Kb3 Rd7 19. Bxb6 Ra6 20. Bc5 Na5+ 21. Ka2 Bd3 22. Nc1 Bxc1 23. Raxc1 Bc4+ 24. Kb1 Bd3+ 25. Ka2 Bc4+ 26. Kb1 Bd3+ 27. Ka2 1/2-1/2

[Event "LASK Schackstudion IM Tournament"]
[Site "Lund, Sweden"]
[Date "2022.08.18"]
[Round "6.5"]
[White "Rozentalis, Eduardas"]
[Black "Storme, Isak"]
[Result "1-0"]
[TimeControl "90 minutes + 30 sec increment starting from move 1."]
[WhiteTitle "GM"]
[BlackTitle "FM"]
[WhiteFideId "12800023"]
[BlackFideId "1728113"]
[WhiteElo "2493"]
[BlackElo "2416"]

1. e4 e6 2. d4 d5 3. Nd2 c5 4. Ngf3 cxd4 5. exd5 Qxd5 6. Bc4 Qd6 7. O-O Nf6 8. Nb3 Nc6 9. Re1 Be7 10.
Nbxd4 Nxd4 11. Nxd4 O-O 12. c3 Bd7 13. Qf3 Qc7 14. Bd3 Rfe8 15. Bg5 Nd5 16. h4 Bxg5 17. hxg5 Nf4 18. Be4 e5 19.
Nb3 Bc6 20. Bxc6 bxc6 21. Rad1 Rad8 22. Rxd8 Rxd8 23. Qe3 Nd3 24. Rd1 Nxb2 25. Rxd8+ Qxd8 26. Qxe5 Nc4 27. Qe2 Nb6 28. Nd4 g6 29.
Qe5 Qd7 30. Qc5 Qd5 31. Qxd5 Nxd5 32. c4 Ne7 33. f4 Kf8 34. Kf2 Ke8 35. Kf3 Kd7 36. Ke4 Kd6 37. Nb3 Ke6 38. Nc5+ Kd6 39.
Nd3 c5 40. Ne5 Ke6 41. g4 f5+ 42. gxf6 Kxf6 43. Nd7+ Kf7 44. g5 Ke6 45. Nxc5+ Kd6 46. Nb3 Nf5 47. c5+ Kd7 48. Nd4 Ng3+ 49.
Kd5 Nh5 50. c6+ Kc8 51. Kd6 Ng7 52. Nb5 Nf5+ 53. Kc5 h5 54. gxh6 Nxh6 55. Nxa7+ Kc7 56. Nb5+ 1-0

[Event "LASK Schackstudion IM Tournament"]
[Site "Lund, Sweden"]
[Date "2022.08.19"]
[Round "7.2"]
[White "Jepson, Christian"]
[Black "Larkin, Vadyslav"]
[Result "1/2-1/2"]
[TimeControl "90 minutes + 30 sec increment starting from move 1."]
[WhiteTitle "IM"]
[BlackTitle "IM"]
[WhiteFideId "1701185"]
[BlackFideId "14152894"]
[WhiteElo "2395"]
[BlackElo "2447"]

1. Nf3 Nf6 2. c4 e6 3. g3 b6 4. Bg2 Bb7 5. O-O Be7 6. Nc3 O-O 7. Re1 d6 8. e4 c5 9. d4 cxd4 10.
Nxd4 Qc8 11. Be3 Nbd7 12. f4 a6 13. Rc1 Ra7 14. Bf2 Qa8 15. f5 e5 16. Nc2 Rc8 17. Qe2 g6 18. fxg6 hxg6 19.
Bh3 Kg7 20. Ne3 Rh8 21. Bxd7 Nxd7 22. Ncd5 Bg5 23. h4 Bxe3 24. Bxe3 Bxd5 25. cxd5 Nc5 26. Rc4 a5 27. Qf3 f6 28.
Rf1 Rf7 29. a3 a4 30. Rb4 Qa6 31. Qd1 Ra7 32. Qf3 1/2-1/2

[Event "LASK Schackstudion IM Tournament"]
[Site "Lund, Sweden"]
[Date "2022.08.19"]
[Round "7.3"]
[White "Storme, Isak"]
[Black "Jacobsen, Mikkel Manosri"]
[Result "1-0"]
[TimeControl "90 minutes + 30 sec increment starting from move 1."]
[WhiteTitle "FM"]
[BlackTitle "FM"]
[WhiteFideId "1728113"]
[BlackFideId "1444514"]
[WhiteElo "2416"]
[BlackElo "2320"]

1. e4 c6 2. d4 d5 3. e5 Bf5 4. Nd2 e6 5. Nb3 Ne7 6. Nf3 Nd7 7. Be2 h6 8. O-O g5 9. Ne1 Bg7 10.
f4 Qc7 11. Bh5 Bg6 12. Bxg6 Nxg6 13. Nd3 b6 14. fxg5 hxg5 15. Bxg5 c5 16. Qg4 c4 17. Rxf7 Kxf7 18. Rf1+ Kg8 19.
Qxe6+ Kh7 20. Rf3 Ndf8 21. Rh3+ Bh6 22. Rxh6+ Kg7 23. Bf6+ Kxh6 24. Qh3+ Nh4 25. Qxh4+ Kg6 26. Qg5+ Kf7 27.
Qg7+ 1-0

[Event "LASK Schackstudion IM Tournament"]
[Site "Lund, Sweden"]
[Date "2022.08.19"]
[Round "7.4"]
[White "Magnusson, Jorgen"]
[Black "Jogstad, Martin"]
[Result "0-1"]
[TimeControl "90 minutes + 30 sec increment starting from move 1."]
[WhiteTitle "FM"]
[BlackTitle "FM"]
[WhiteFideId "1700880"]
[BlackFideId "1715364"]
[WhiteElo "2292"]
[BlackElo "2354"]

1. Nf3 d5 2. d4 Nf6 3. Bf4 e6 4. c3 Bd6 5. e3 O-O 6. Nbd2 b6 7. a4 Bxf4 8. exf4 c5 9. g3 Ba6 10. Bxa6 Nxa6 11. Qe2 Nb8 12. b4 cxb4 13. cxb4 Nc6 14. b5 Na5 15. O-O Qd6 16. Qe5 Qe7 17. Rfe1 Rfe8 18. h3 Rac8 19. Rac1 Qa3 20. Rxc8 Rxc8 21. Ng5 Qc3 22. Nxf7 Kxf7 23. Qxe6+ Kf8 24. Nf3 Qc7 25. Ng5 h6 26. Qf5 hxg5 27. fxg5 Re8 28. Re5 Qd7 29. gxf6 Qxf5 30. fxg7+ Kxg7 31. Rxf5 Rd8 32. h4 Nb3 33. Rf4 Re8 34. g4 Re1+ 35. Kg2 Rd1 36. h5 Nxd4 37. g5 Rg1+ 38. Kh2 Rxg5 39. Rxd4 Rxh5+ 40. Kg3 Kf6 41. f4 Ke6 42. Rd2 Rh1 43. Re2+ Kd6 44. Rc2 Ra1 45. Rc6+ Kd7 46. f5 Rxa4 47. f6 Rc4 0-1

[Event "LASK Schackstudion IM Tournament"]
[Site "Lund, Sweden"]
[Date "2022.08.19"]
[Round "7.5"]
[White "Kucuksari, Kaan"]
[Black "Rozentalis, Eduardas"]
[Result "1-0"]
[TimeControl "90 minutes + 30 sec increment starting from move 1."]
[WhiteTitle "FM"]
[BlackTitle "GM"]
[WhiteFideId "6380166"]
[BlackFideId "12800023"]
[WhiteElo "2398"]
[BlackElo "2493"]

1. d4 Nf6 2. c4 e6 3. g3 Bb4+ 4. Bd2 a5 5. Bg2 O-O 6. Nf3 b6 7. O-O Bb7 8. Bg5 Be7 9. Bxf6 Bxf6 10.
Nc3 d6 11. Qc2 g6 12. Rad1 Nd7 13. Rfe1 Bg7 14. e4 Qe7 15. h4 Rab8 16. Bh3 Rbe8 17. Kh2 Kh8 18. Nb5 Nb8 19. h5 Nc6 20.
d5 Ne5 21. Nfd4 gxh5 22. f4 Ng4+ 23. Bxg4 hxg4 24. Kg2 exd5 25. cxd5 Qd7 26. a4 f5 27. Nxf5 Rxf5 28. exf5 Rxe1 29.
Rxe1 Bxd5+ 30. Kf1 c6 31. Qd3 Kg8 32. Nc3 Bf7 33. Ne4 Qxf5 34. Qxd6 h6 35. Qxc6 Bd5 36. Qe8+ Kh7 37. Qe7 Kh8 38.
Qe8+ Kh7 39. Qe7 Kh8 40. Nf2 Bxb2 41. Qd8+ Kh7 42. Qxb6 Bc3 43. Qc7+ Bg7 44. Kg1 Bf3 45. Re7 Qb1+ 46.
Kh2 Qb2 47. Qc5 Qf6 48. Qe5 Qg6 49. Ne4 Kh8 50. Re8+ Kh7 51. Re7 Kh8 52. Qd5 Kh7 53. Re6 1-0

[Event "LASK Schackstudion IM Tournament"]
[Site "Lund, Sweden"]
[Date "2022.08.19"]
[Round "8.1"]
[White "Jogstad, Martin"]
[Black "Nord, Alexander"]
[Result "1-0"]
[TimeControl "90 minutes + 30 sec increment starting from move 1."]
[WhiteTitle "FM"]
[BlackTitle "CM"]
[WhiteFideId "1715364"]
[BlackFideId "1738135"]
[WhiteElo "2354"]
[BlackElo "2227"]

1. c4 e5 2. g3 Nf6 3. Bg2 d5 4. cxd5 Nxd5 5. Nf3 Nc6 6. O-O Nb6 7. b3 Be7 8. Bb2 f6 9. Nc3 Be6 10.
Rc1 O-O 11. Ne4 Qd7 12. Nc5 Bxc5 13. Rxc5 Bh3 14. Bxh3 Qxh3 15. b4 Rf7 16. Qb3 a6 17. Rfc1 Qd7 18. d3 Rc8 19. a4 Nd8 20.
a5 Na8 21. d4 Qe6 22. d5 Qd7 23. Rd1 Kh8 24. Qc2 Qe8 25. Qf5 Rb8 26. Rc4 Re7 27. Rdc1 Nf7 28. Rh4 Qg8 29. Rh3 Rf8 30.
Rc4 Nh6 31. Qd3 Rd7 32. e4 c6 33. Bc1 Nf7 34. Qc2 Rc7 35. dxc6 bxc6 36. Nh4 g6 37. Be3 Kg7 38. Nf3 Rb8 39.
Rxc6 Qc8 40. Rxc7 Nxc7 41. Kg2 Ne6 42. Qd2 Qb7 43. Qd5 Qxd5 44. exd5 Nc7 45. Rh4 Nxd5 46. Bc5 Nd8 47. Rc4 Kf7 48.
Nd2 Ke6 49. Ne4 Rc8 50. Nd6 Rc6 51. Ne4 h6 52. Nd2 Nb7 53. Bf8 Rxc4 54. Nxc4 Kf7 55. b5 axb5 56. a6 Nd8 57. a7 Nc7 58.
Bd6 Na8 59. Na3 Ke6 60. Nxb5 Nc6 61. Bf8 h5 62. Kf3 Kd5 63. g4 hxg4+ 64. Kxg4 Kc4 65. Nd6+ Kd5 66. Nc8 Ke4 67. Bc5 Kd5 68.
Be3 Nd4 69. Ne7+ Ke4 70. Nxg6 f5 71. Kg5 f4 72. Bxd4 Kxd4 73. Kf5 1-0

[Event "LASK Schackstudion IM Tournament"]
[Site "Lund, Sweden"]
[Date "2022.08.19"]
[Round "8.2"]
[White "Kristensen, Kaare Hove"]
[Black "Storme, Isak"]
[Result "1/2-1/2"]
[TimeControl "90 minutes + 30 sec increment starting from move 1."]
[WhiteTitle "IM"]
[BlackTitle "FM"]
[WhiteFideId "1400940"]
[BlackFideId "1728113"]
[WhiteElo "2274"]
[BlackElo "2416"]

1. e4 e5 2. Nf3 Nc6 3. d4 exd4 4. Nxd4 Nf6 5. Nxc6 bxc6 6. Bd3 d5 7. Qe2 Bb4+ 8. c3 dxe4 9. Bxe4 Nxe4 10.
Qxe4+ Qe7 11. Qxe7+ Bxe7 12. Bf4 Rb8 13. b3 Ba6 14. Nd2 Bd3 15. Nf3 Rd8 16. Rd1 Bf6 17. Ne5 Bxe5 18. Bxe5 O-O 19.
Bd4 Rfe8+ 20. Kd2 Be4 21. Kc1 a6 22. f3 Bg6 23. Rhe1 f6 24. Bf2 Kf7 25. Rxd8 1/2-1/2

[Event "LASK Schackstudion IM Tournament"]
[Site "Lund, Sweden"]
[Date "2022.08.19"]
[Round "8.3"]
[White "Kucuksari, Kaan"]
[Black "Jepson, Christian"]
[Result "1-0"]
[TimeControl "90 minutes + 30 sec increment starting from move 1."]
[WhiteTitle "FM"]
[BlackTitle "IM"]
[WhiteFideId "6380166"]
[BlackFideId "1701185"]
[WhiteElo "2398"]
[BlackElo "2395"]

1. d4 Nf6 2. c4 c5 3. d5 g6 4. Nc3 Bg7 5. Nf3 O-O 6. e4 d6 7. h3 e6 8. Bd3 Nbd7 9. O-O e5 10.
Bg5 h6 11. Be3 Nh7 12. g4 h5 13. gxh5 Ndf6 14. h6 Bh8 15. Kh2 Nh5 16. Rg1 Qf6 17. Be2 Nf4 18. h4 Qe7 19. Qd2 Bf6 20.
Bxf4 exf4 21. Qxf4 Kh8 22. Bd3 Bd7 23. Rae1 Rae8 24. Qg3 Bxc3 25. bxc3 Nf6 26. Qg5 Nh5 27. e5 dxe5 28. Nxe5 Qd6 29.
f4 Nf6 30. Bxg6 fxg6 31. Nxg6+ Kh7 32. Nxf8+ Qxf8 33. Qg6+ Kh8 34. Re5 Rxe5 35. Qg7+ Qxg7 36. hxg7+ Kg8 37. fxe5 Ng4+ 38. Kg3 Nxe5 39.
Kf4 Nxc4 40. h5 Be8 41. h6 Bf7 42. Rd1 Nd6 43. Ke5 Nc4+ 44. Kf6 Nd6 45. h7+ 1-0

[Event "LASK Schackstudion IM Tournament"]
[Site "Lund, Sweden"]
[Date "2022.08.19"]
[Round "8.4"]
[White "Larkin, Vadyslav"]
[Black "Magnusson, Jorgen"]
[Result "1-0"]
[TimeControl "90 minutes + 30 sec increment starting from move 1."]
[WhiteTitle "IM"]
[BlackTitle "FM"]
[WhiteFideId "14152894"]
[BlackFideId "1700880"]
[WhiteElo "2447"]
[BlackElo "2292"]

1. e4 c6 2. d4 d5 3. f3 e6 4. Nc3 Bb4 5. Qd3 Ne7 6. Nge2 O-O 7. Bf4 b6 8. a3 Bd6 9. O-O-O a5 10. Qe3 Ba6 11. Bg5 Bc4 12. g4 Na6 13. e5 Bc7 14. Ng3 Bxf1 15. Rhxf1 Kh8 16. Nh5 Rg8 17. f4 c5 18. f5 cxd4 19. Rxd4 1-0

[Event "LASK Schackstudion IM Tournament"]
[Site "Lund, Sweden"]
[Date "2022.08.19"]
[Round "8.5"]
[White "Rozentalis, Eduardas"]
[Black "Jacobsen, Mikkel Manosri"]
[Result "1-0"]
[TimeControl "90 minutes + 30 sec increment starting from move 1."]
[WhiteTitle "GM"]
[BlackTitle "FM"]
[WhiteFideId "12800023"]
[BlackFideId "1444514"]
[WhiteElo "2493"]
[BlackElo "2320"]

1. e4 c6 2. Nf3 d5 3. d3 dxe4 4. dxe4 Qxd1+ 5. Kxd1 Bg4 6. Be2 Nd7 7. Ne1 Bxe2+ 8. Kxe2 Ngf6 9. f3 e6 10.
Nd3 Be7 11. Be3 O-O 12. a4 Ne8 13. Rd1 Nd6 14. Na3 Rfd8 15. g4 f6 16. c4 Kf7 17. c5 Ne8 18. Nc4 Nc7 19. Na5 Rab8 20.
Ra3 Na6 21. Rb3 Ndxc5 22. Nxc5 Nxc5 23. Rxd8 Bxd8 24. Bxc5 Bxa5 25. Bxa7 Rh8 26. Rxb7+ Kg6 27. b4 Bd8 28. Rb8 h5 29.
gxh5+ 1-0

[Event "LASK Schackstudion IM Tournament"]
[Site "Lund, Sweden"]
[Date "2022.08.20"]
[Round "9.1"]
[White "Nord, Alexander"]
[Black "Larkin, Vadyslav"]
[Result "1/2-1/2"]
[TimeControl "90 minutes + 30 sec increment starting from move 1."]
[WhiteTitle "CM"]
[BlackTitle "IM"]
[WhiteFideId "1738135"]
[BlackFideId "14152894"]
[WhiteElo "2227"]
[BlackElo "2447"]

1. e4 c5 2. Nf3 e6 3. g3 Nc6 4. Bg2 Nf6 5. Qe2 d6 6. O-O Be7 7. c3 Rb8 8. d4 cxd4 9. cxd4 d5 10.
e5 Ne4 11. Be3 O-O 12. Nbd2 Nxd2 13. Qxd2 Qa5 14. Qd1 Qb4 15. b3 a5 16. Ne1 Qb6 17. Nd3 f5 18. g4 Nb4 19. gxf5 Nxd3 20.
Qxd3 Rxf5 21. Rac1 Bd7 22. a4 Rff8 23. Bh3 Rbc8 24. Rxc8 Rxc8 25. Rc1 Rxc1+ 26. Bxc1 Bb4 27. Be3 Qc6 28.
Bg4 Be8 29. Qb5 Kf7 30. Qd3 Kg8 31. Qb5 Kf7 32. Qd3 Kg8 33. Qb5 1/2-1/2

[Event "LASK Schackstudion IM Tournament"]
[Site "Lund, Sweden"]
[Date "2022.08.20"]
[Round "9.2"]
[White "Storme, Isak"]
[Black "Jogstad, Martin"]
[Result "1/2-1/2"]
[TimeControl "90 minutes + 30 sec increment starting from move 1."]
[WhiteTitle "FM"]
[BlackTitle "FM"]
[WhiteFideId "1728113"]
[BlackFideId "1715364"]
[WhiteElo "2416"]
[BlackElo "2354"]

1. e4 e5 2. Nf3 Nc6 3. Bb5 Nf6 4.
O-O Nxe4 5. Re1 Nd6 6. Nxe5 Be7 7. Bf1 Nf5 8. c3 Nxe5 9. Rxe5 d6 10. Re1 d5 11. d4 O-O 12. Bf4 Bd6 13.
Qf3 Nh4 14. Qg3 Nf5 15. Qf3 Nh4 16. Qg3 Nf5 17. Qf3 Nh4 1/2-1/2

[Event "LASK Schackstudion IM Tournament"]
[Site "Lund, Sweden"]
[Date "2022.08.20"]
[Round "9.4"]
[White "Magnusson, Jorgen"]
[Black "Kucuksari, Kaan"]
[Result "0-1"]
[TimeControl "90 minutes + 30 sec increment starting from move 1."]
[WhiteTitle "FM"]
[BlackTitle "FM"]
[WhiteFideId "1700880"]
[BlackFideId "6380166"]
[WhiteElo "2292"]
[BlackElo "2398"]

1. c4 f5 2. d4 Nf6 3. Nc3 d6 4. Bg5 Nbd7 5. Qc2 g6 6. h4 Bg7 7. O-O-O O-O 8. h5 Nxh5 9. e4 fxe4 10. Nxe4 Ndf6 11. Bd3 Bf5 12. Nf3 Nxe4 13. Bxe4 Qd7 14. Rhe1 e6 15. Qd2 Bxe4 16. Rxe4 d5 17. Rh4 dxc4 18. Bh6 Rad8 19. Bxg7 Qxg7 20. Qe3 Qf6 21. Ng5 Nf4 22. Rxf4 Qxf4 23. Qxf4 Rxf4 24. Nxe6 Rdf8 25.
f3 Rh4 26. Nxf8 Kxf8 27. Kc2 Rh2 28. Rg1 Ke7 29. Kc3 b5 30. a4 a6 31. axb5 axb5 32. Re1+ Kd6 33.
Re5 Rxg2 34. Rxb5 Rf2 35. Kxc4 Rxf3 36. Rd5+ Kc6 37. Rc5+ Kd6 38. Rd5+ Kc6 39. Rc5+ Kb6 40. Rb5+ Ka6 41. Rb8 Ka7 42. Rg8 Rg3 43. Kc5 Kb7 44. Rg7 h5 45. d5 Rg5 46. b4 h4 47. Rh7 Rh5 48. Rg7 h3 0-1

[Event "LASK Schackstudion IM Tournament"]
[Site "Lund, Sweden"]
[Date "2022.08.20"]
[Round "9.5"]
[White "Jepson, Christian"]
[Black "Rozentalis, Eduardas"]
[Result "1/2-1/2"]
[TimeControl "90 minutes + 30 sec increment starting from move 1."]
[WhiteTitle "IM"]
[BlackTitle "GM"]
[WhiteFideId "1701185"]
[BlackFideId "12800023"]
[WhiteElo "2395"]
[BlackElo "2493"]

1. d4 Nf6 2. c4 e6 3. Nc3 Bb4 4. e3 O-O 5. Bd3 d5 6. a3 Bxc3+ 7. bxc3 c6 8. cxd5 cxd5 9. Ne2 b6 10.
c4 Ba6 11. cxd5 Qxd5 12. f3 h6 13. e4 Qb7 14. g4 Nc6 15. g5 hxg5 16. Bxg5 Nh7 17. Bh4 f6 18. O-O Rad8 19. Rc1 Bxd3 20.
Qxd3 Rfe8 21. Rfd1 Nf8 22. Qb5 Na5 23. Bg3 Re7 24. Be1 a6 25. Qa4 Ng6 26. Bxa5 bxa5 27. Qxa5 Rb8 28. Qh5 Qb2 29.
f4 Nf8 30. Rc3 Rb3 31. Rc8 Rb8 32. Rc3 Rb3 33. Rc8 Rb8 34. Rc3 Rb3 35. Rc8 Rb8 1/2-1/2